 Dungeon Crawl Stone Soup version 0.14-a0-2061-g6c6fb9c (webtiles) character file.

424 Piginabag the Skirmisher (level 6, 0/46 HPs)
             Began as a Formicid Hunter on Jan 22, 2014.
             Succumbed to an adder's poison
             ... on Level 4 of the Dungeon.
             The game lasted 00:03:00 (2546 turns).

Piginabag the Skirmisher (Formicid Hunter)          Turns: 2546, Time: 00:03:00

HP   0/46        AC 10     Str 22      XL: 6   Next: 89%
MP   8/8         EV 12     Int 10      God:
Gold 135         SH  0     Dex 18      Spells:  0 memorised,  5 levels left

rFire  . . .     SeeInvis +     b - +1 crossbow
rCold  . . .     Clarity  .     q - +0 chain mail
rNeg   . . .     Conserve .     (no shield)
rPois  x         rCorr    .     (helmet unavailable)
rElec  .         rRot     .     (no cloak)
SustAb . .       Spirit   .     p - +0 pair of gloves
rMut   .         Warding  .     (no boots)
Saprov . . .     Stasis   +     (no amulet)
MR     .....                    (no ring)
                                (no ring)

@: confused, mighty, agile, mildly poisoned, not resistant to hostile
enchantments, extremely unstealthy
A: permanent stasis, dig shafts and tunnels, four strong arms, poison weakness,
antennae 3, exoskeleton 1
a: Dig, Shaft Self


You were on level 4 of the Dungeon.
You were hungry.

You visited 1 branch of the dungeon, and saw 4 of its levels.

You collected 135 gold pieces.

Inventory:

Hand weapons
 a - a +0,+0 short sword
 b - a +1,+1 crossbow (weapon)
Missiles
 c - 14 bolts
 e - 8 silver bolts (quivered)
Armour
 d - a +0 leather armour
 p - a +0 pair of gloves (worn)
 q - a +0 chain mail (worn)
Magical devices
 y - a wand of cold (7) {unknown}
Comestibles
 f - 3 bread rations
 k - 2 meat rations
 z - 2 slices of pizza
 E - a pear
 H - a choko
Scrolls
 h - 2 scrolls of enchant armour {unknown}
 i - 7 scrolls of identify {unknown}
 j - 4 scrolls of remove curse {unknown}
 m - a scroll of recharging {unknown}
 n - 2 scrolls of blinking {unknown}
 s - 2 scrolls of fear {unknown}
 t - a scroll of magic mapping {unknown}
 w - a scroll of amnesia {unknown}
 x - a scroll of enchant weapon I {unknown}
 A - a scroll of teleportation {unknown}
 D - a scroll of curse jewellery {unknown}
 G - a scroll of random uselessness {unknown}
Jewellery
 B - an uncursed ring of sustain abilities {unknown}
Potions
 g - a potion of might
 o - a potion of beneficial mutation {unknown}
 r - a potion of curing {unknown}
 u - a potion of resistance {unknown}
 v - a potion of agility
 F - a potion of restore abilities {unknown}


   Skills:
 + Level 5.7 Fighting
 - Level 4.0 Crossbows
 - Level 1.7 Dodging
 - Level 1.2 Stealth
 + Level 2.4 Evocations


You had 5 spell levels left.
You didn't know any spells.

Dungeon Overview and Level Annotations

Branches:
Dungeon (4/16)
 Temple: D:4-7

Altars:
Fedhas
Xom
the Shining One


Innate Abilities, Weirdness & Mutations

Your are under a permanent stasis effect.
You can dig through walls and to a lower floor.
Your four strong arms can wield any weapon, most with a shield.
You are susceptible to poison.
You have a pair of large antennae on your head (SInv).
Your body is surrounded by an exoskeleton. (AC +1)


Message History

Press: ? - help, Shift-Dir - straight line, f/p - ogre
Aim: an ogre, wielding a giant club (moderately wounded)
You shoot a silver bolt. The silver bolt misses the ogre.
You feel sick. The hobgoblin hits you. The ogre hits you with a giant club.
* * * LOW HITPOINT WARNING * * *
You are too injured to fight recklessly!
Drink which item? (? for menu, Esc to quit)
You feel very mighty all of a sudden.
It was a potion of might.
The hobgoblin hits you.
* * * LOW HITPOINT WARNING * * *
The ogre hits you with a giant club!
* * * LOW HITPOINT WARNING * * *
Drink which item? (? for menu, Esc to quit)
You feel agile all of a sudden.
It was a potion of agility.
The hobgoblin hits you but does no damage.
Drink which item? (? for menu, Esc to quit)
You are confused.
It was a potion of confusion.
You die...

. #.# ###+#####....
#...!......#
+..........#
##...P......#
.....♣(♣P....#
(......O@..<.#### #.
##......g.......# #.
.........(......# #.
.#.............# ######.
...............###♣#♣##.
....#######....#♣.....♣.
... #....#........ #
#....♣)......♣
#.............


You could see an ogre and a hobgoblin.

Vanquished Creatures
  An ogre (D:4)
  An orc priest (D:3)
  2 orc wizards (D:3)
  6 adders
  A worm (D:2)
  3 giant geckos
  An ooze (D:1)
  3 orcs (D:3)
  4 ball pythons
  8 bats
  2 giant cockroaches
  10 goblins
  5 hobgoblins
  7 kobolds
  3 quokkas
  5 rats
62 creatures vanquished.

Notes
Turn   | Place    | Note
--------------------------------------------------------------
     0 | D:1      | Piginabag, the Formicid Hunter, began the quest for the Orb.
     0 | D:1      | Reached XP level 1. HP: 13/13 MP: 1/1
    60 | D:1      | Reached XP level 2. HP: 17/19 MP: 2/2
   285 | D:1      | Reached XP level 3. HP: 23/25 MP: 3/3
   933 | D:2      | Reached XP level 4. HP: 31/31 MP: 4/4
  1503 | D:3      | Reached XP level 5. HP: 15/38 MP: 5/5
  1707 | D:3      | Reached skill level 5 in Fighting
  1937 | D:3      | Found a blossoming altar of Fedhas.
  1961 | D:3      | Reached XP level 6. HP: 45/45 MP: 6/6
  2088 | D:3      | Reached skill level 1 in Evocations
  2340 | D:3      | Found a shimmering altar of Xom.
  2346 | D:3      | Found a glowing golden altar of the Shining One.
  2493 | D:4      | Noticed an ogre
  2501 | D:4      | Killed an ogre
  2536 | D:4      | Noticed an ogre
  2544 | D:4      | HP: 1/46 [ogre/giant club (11)]
  2546 | D:4      | Succumbed to an adder's poison

Action                   |  1- 3 |  4- 6 || total
-------------------------+-------+-------++-------
 Fire: Crossbow          |    51 |    82 ||   133
  Use: Potion            |       |     3 ||     3
